 Dungeon Crawl Stone Soup version 0.20.0-6-gd3061e9 (webtiles) character file.

73 MTVSty1e the Skirmisher (level 3, 0/31 HPs)
             Began as a Demigod Transmuter on May 28, 2017.
             Succumbed to Crazy Yiuf's poison
             ... on level 2 of the Dungeon.
             The game lasted 00:05:35 (2465 turns).

MTVSty1e the Skirmisher (Demigod Transmuter)        Turns: 2465, Time: 00:05:35

Health: 0/31       AC:  8    Str: 15    XL:     3   Next: 83%
Magic:  8/8        EV:  7    Int: 17    God:
Gold:   101        SH:  0    Dex: 16    Spells: 4/5 levels left

rFire    . . .     SeeInvis .   q - +1 dagger
rCold    + . .     Gourm    .   (no shield)
rNeg     . . .     Faith    .   n - +0 chain mail
rPois    .         Spirit   .   (no helmet)
rElec    .         Reflect  .   (no cloak)
rCorr    .         Harm     .   (no gloves)
MR       .....                  (no boots)
Stlth    ..........             (no amulet)
Regen    0.1/turn               o - ring of protection from cold
MPRegen  0.2/turn               (no ring)

@: lethally poisoned (0 -> -2), berserk cooldown, slowed, very slow
A: high mp 1
a: no special abilities


You were on level 2 of the Dungeon.
You were not hungry.

You visited 1 branch of the dungeon, and saw 2 of its levels.

You collected 101 gold pieces.

Inventory:

Hand Weapons
 f - a +0 club
 h - a +3 quarterstaff of chaos
 l - a -2 dagger
 q - a +1 dagger (weapon)
Missiles
 a - 13 arrows
Armour
 b - a +0 robe
 j - a +0 cloak
 k - a +0 leather armour
 n - a +0 chain mail (worn)
Jewellery
 o - a ring of protection from cold (left hand)
Scrolls
 e - 4 scrolls of identify
 g - 2 scrolls of remove curse
Potions
 i - 2 potions of might
 p - a potion of agility
Books
 c - a book of Changes

   Spells                             Type                      Level
   a - Beastly Appendage              Transmutation                1
   b - Sticks to Snakes               Transmutation                2
   c - Spider Form                    Transmutation/Poison         3
   d - Ice Form                       Ice/Transmutation            4
   e - Blade Hands                    Transmutation                5
Comestibles
 d - a bread ration


   Skills:
 + Level 3.6 Fighting
 - Level 1.7 Dodging
 - Level 2.6 Unarmed Combat
 - Level 1.7 Spellcasting
 - Level 1.7 Transmutations


You had 4 spell levels left.
You knew the following spells:

 Your Spells              Type           Power        Failure   Level  Hunger
a - Beastly Appendage     Tmut           #.....       94%         1    #......


Dungeon Overview and Level Annotations

Branches:
Dungeon (2/15)


Innate Abilities, Weirdness & Mutations

You have an increased reservoir of magic. (+10% MP)


Message History

Okay, then.
* * * LOW HITPOINT WARNING * * *
You feel sick.
* * * LOW HITPOINT WARNING * * *
You feel sick.
* * * LOW HITPOINT WARNING * * *
You feel sick.
* * * LOW HITPOINT WARNING * * *
You feel sick.
h - a quarterstaff of chaos;
j - a cloak
* * * LOW HITPOINT WARNING * * *
You feel sick.
* * * LOW HITPOINT WARNING * * *
You feel sick.
You see here the gnoll corpse of Crazy Yiuf.
There is an open door, spattered with blood here.
Unknown command.
* * * LOW HITPOINT WARNING * * *
You feel sick.
You die...

#.....(..# #####
#.....# # '........#
#)..# #.....# #
#..<.....# #...#
#.....# # .........#
#.†.# #.....#
.........# ##'##
#.....# .........# ♣.♣♣
#.....# .........# ♣♣.♣
#....## .........# ♣.♣♣
#..(.# .........# ♣♣@♣
#...## ........<# ♣♣.♣♣
#...# ........## ♣♣P..♣
#...# #...##'## ♣PP..♣
#...# ##..##.### ##..##
#...# #..##...#
#....###...#
##.#########..........#
#>.)..#...'..........#
#####.#.###..........#


There were no monsters in sight!

Vanquished Creatures
  Crazy Yiuf (D:2)
  An ooze (D:1)
  3 dart slugs
  A leopard gecko (D:1)
  A giant cockroach (D:1)
  2 goblins
  3 hobgoblins
  3 jackals (D:1)
  3 kobolds
  6 bats
  4 frilled lizards
  8 rats
36 creatures vanquished.

Notes
Turn   | Place    | Note
-------+----------+-------------------------------------------
     0 | D:1      | MTVSty1e the Demigod Transmuter began the quest for the Orb.
     0 | D:1      | Reached XP level 1. HP: 15/15 MP: 5/5
    12 | D:1      | Reached skill level 1 in Fighting
   689 | D:1      | Reached skill level 2 in Fighting
   689 | D:1      | Reached XP level 2. HP: 24/24 MP: 5/7
  1386 | D:2      | Reached XP level 3. HP: 28/30 MP: 8/8
  1881 | D:2      | Reached skill level 3 in Fighting
  2388 | D:2      | Found a runed door.
  2428 | D:2      | Noticed Crazy Yiuf
  2446 | D:2      | Killed Crazy Yiuf
  2460 | D:2      | HP: 1/31 [poisoned by Crazy Yiuf]
  2465 | D:2      | Succumbed to Crazy Yiuf's poison

Skill      XL: |  1  2  3 |
---------------+----------+-----
Fighting       | 2 3 |  3.6
Dodging        | |  1.7
Unarmed Combat | |  2.6
Spellcasting   | |  1.7
Transmutations | |  1.7

Action                   || total
-------------------------++-------
Melee: Unarmed           ||    52
       Headbutt          ||     8
       Club              ||    49
       Kick              ||     7
       Dagger            ||    19
 Cast: Beastly Appendage ||    16
  Use: Scroll            ||     6
       Potion            ||     2
 Stab: Sleeping          ||     2
  Eat: Bread ration      ||     2
Armor: Robe              ||    11
       Leather armour    ||    15
       Chain mail        ||     1
Dodge: Dodged            ||    88
